 Dungeon Crawl Stone Soup version 0.24-a0-586-g8e0e932 (webtiles) character file.

Game seed: 2404305666421194969, levelgen mode: deterministic

4866 silenth the Destroyer (level 10, -2/117 HPs)
             Began as a Demigod Conjurer on Sept 8, 2019.
             Slain by a death yak (23 damage)
             ... on level 7 of the Dungeon on Sept 9, 2019.
             The game lasted 00:28:39 (12939 turns).

silenth the Destroyer (Demigod Conjurer)           Turns: 12939, Time: 00:28:40

Health: -2/117     AC: 11    Str: 16    XL:     10   Next: 5%
Magic:  9/30       EV: 11    Int: 25    God:
Gold:   429        SH:  8    Dex: 19    Spells: 5/19 levels left

rFire    + . .     SeeInvis .   a - +7 dagger "Xora" {pierce, *Rage rC+ Dex+3}
rCold    + . .     Gourm    .   h - +2 buckler
rNeg     . . .     Faith    .   n - +2 ring mail {rF+}
rPois    .         Spirit   .   C - +1 helmet
rElec    .         Reflect  .   E - +0 cloak
rCorr    .         Harm     .   (no gloves)
MR       +....     Rnd*Rage +   f - +0 pair of boots
Stlth    ..........             (no amulet)
HPRegen  0.29/turn              o - ring of magical power
MPRegen  0.22/turn              (no ring)

@: berserking, studying Fighting, very quick
A: high mp 1
a: no special abilities


You were on level 7 of the Dungeon.
You were not hungry.

You visited 2 branches of the dungeon, and saw 9 of its levels.
You also visited: Bailey.

You collected 429 gold pieces.

Inventory:

Hand Weapons
 a - the +7 dagger "Xora" (weapon) {pierce, *Rage rC+ Dex+3}
   (You found it on level 6 of the Dungeon)

   It inflicts extra damage upon your enemies.
   It affects your dexterity (+3).
   It protects you from cold.
   It may make you go berserk in combat.
 d - a +0 dagger
 v - a +0 trident of venom
 x - a +1 long sword
 H - a +2 executioner's axe of electrocution
Missiles
 D - 3 throwing nets (quivered)
Armour
 f - a +0 pair of boots (worn)
 h - a +2 buckler (worn)
 n - a +2 ring mail of fire resistance (worn)
 B - a +0 robe
 C - a +1 helmet (worn)
 E - a +0 cloak (worn)
Jewellery
 o - a ring of magical power (left hand)
Wands
 p - a wand of paralysis (9)
 w - a wand of clouds (7)
 A - a wand of flame (18)
Scrolls
 b - 3 scrolls of teleportation
 i - a scroll of identify
 j - 3 scrolls of enchant weapon
 l - 2 scrolls of amnesia
 q - a scroll of fog
 r - 6 scrolls of remove curse
Potions
 c - a potion of ambrosia
 g - a potion of might
 k - 2 potions of curing
 m - a potion of resistance
 s - 4 potions of flight
 t - a potion of haste
 u - a potion of invisibility
 y - a potion of agility
 z - a potion of berserk rage
 G - a potion of lignification {unknown}
 I - a potion of heal wounds {unknown}
Books
 F - a manual of Fighting
Comestibles
 e - 10 rations


   Skills:
 + Level 4.1 Fighting
 - Level 1.7 Dodging
 - Level 1.7 Stealth
 - Level 4.0 Shields
 + Level 5.3 Spellcasting
 * Level 8.8 Conjurations
 * Level 6.0 Hexes
 + Level 3.1 Summonings
 + Level 3.1 Air Magic


You had 5 spell levels left.
You knew the following spells:

 Your Spells              Type           Power        Failure   Level  Hunger
a - Magic Dart            Conj           ####         1%          1    None
b - Searing Ray           Conj           ######       1%          2    None
c - Dazzling Spray        Conj/Hex       #####.       2%          3    #......
d - Fulminant Prism       Conj/Hex       #####.....   7%          4    ###....
e - Summon Lightning Spi  Summ/Air       ###.....     38%         4    ###....

Your spell library contained the following spells:

 Spells                   Type           Power        Failure   Level  Hunger
 Summon Small Mammal      Summ           ###.         4%          1    None
 Iskenderun's Mystic Bla  Conj           ######..     4%          4    ###....
 Call Imp                 Summ           ###.....     6%          2    None
 Summon Guardian Golem    Hex/Summ       ####....     7%          3    #......
 Conjure Flame            Conj/Fire      ####....     8%          3    #......
 Mephitic Cloud           Conj/Pois/Air  ####....     9%          3    #......
 Poisonous Vapours        Pois/Air       ##....       12%         2    None
 Call Canine Familiar     Summ           ###.....     12%         3    #......
 Force Lance              Conj/Tloc      ####....     24%         4    ###....
 Summon Ice Beast         Ice/Summ       ##......     61%         4    ###....
 Freezing Cloud           Conj/Ice/Air   ####......   99%         6    ######.
 Ring of Flames           Chrm/Fire      #.........   100%        7    #######


Dungeon Overview and Level Annotations

Branches:
Dungeon (8/15)             Temple (1/1) D:5            Lair (0/6) D:8
 Bailey (visited)

Shops:
D:4 (   D:7 =


Innate Abilities, Weirdness & Mutations

You have an increased reservoir of magic. (+10% MP)


Message History

You feel yourself moving faster!
You feel mighty!
You puncture the death yak!
The death yak is heavily wounded.
You block the death yak's attack.
You puncture the death yak!
The death yak is heavily wounded.
The death yak barely misses you.
You puncture the death yak!
The death yak is severely wounded.
The death yak gores you!
* * * LOW HITPOINT WARNING * * *
You barely miss the death yak.
The death yak is severely wounded.
You barely miss the death yak.
The death yak is severely wounded.
The death yak gores you!
* * * LOW HITPOINT WARNING * * *
You barely miss the death yak.
The death yak is severely wounded.
The death yak gores you!!
You die...

#))#..#..####).#...#.....#.....#
#.)####).#..#..#...#...........#
#..#..)..'..########..[#.......#
####..##'####............#...^.#
.......................#.#..#+##
..>########..###.......#.#..#+###
##.# ####.........#...#.##......
#.# #...................'......
#.# #....#####@.##.###.##......
#.#############Y..#.....##......
#.....(...........########......
#.##############..# #####......
##### #..# #.......... ....######
##..# #.....#####
.........#######...# #.....#
###.#...........∩..# #.....#
#........#########.# #.....#


You could see a death yak (blind).

Vanquished Creatures
  2 hippogriffs
  Grum (D:8)
  Edmund (D:4)
  An ice beast (D:7)
  10 orc warriors (Bailey)
  2 eyes of draining (D:3)
  3 ogres
  2 phantoms
  4 wolves (D:8)
  9 centaurs
  A big kobold (D:4)
  2 bullfrogs
  4 wights (D:7)
  3 crimson imps
  3 hounds
  3 jellies
  A bullfrog zombie (D:7)
  3 orc priests (D:6)
  4 orc wizards (D:6)
  Ijyb (D:4)
  A bullfrog skeleton (D:8)
  5 worker ants
  2 iguanas
  2 worker ant zombies
  10 gnolls
  11 adders
  2 shadow imps
  An ooze (D:3)
  3 worms
  3 dart slugs
  10 leopard geckos
  48 orcs
  8 bats
  8 giant cockroaches
  22 goblins
  18 hobgoblins
  19 jackals
  5 quokkas
  4 frilled lizards
  38 kobolds
  A leopard gecko zombie (D:6)
  5 rats
  A plant (D:5)
287 creatures vanquished.

Vanquished Creatures (others)
  3 fulminant prisms
3 creatures vanquished.

Grand Total: 290 creatures vanquished

Notes
Turn   | Place    | Note
-------+----------+-------------------------------------------
     0 | D:1      | silenth the Demigod Conjurer began the quest for the Orb.
     0 | D:1      | Reached XP level 1. HP: 14/14 MP: 5/5
   144 | D:1      | Reached skill level 2 in Spellcasting
   470 | D:1      | Reached XP level 2. HP: 20/20 MP: 0/7
   509 | D:1      | Reached skill level 4 in Conjurations
   712 | D:1      | Learned a level 2 spell: Searing Ray
  1359 | D:1      | Reached XP level 3. HP: 24/26 MP: 2/8
  1876 | D:2      | Reached skill level 1 in Shields
  2589 | D:2      | Reached XP level 4. HP: 33/33 MP: 7/10
  2771 | D:3      | Reached skill level 2 in Shields
  2894 | D:3      | Noticed an eye of draining
  2897 | D:3      | Noticed an eye of draining
  3040 | D:3      | Killed an eye of draining
  3040 | D:3      | Reached skill level 5 in Conjurations
  3040 | D:3      | Reached XP level 5. HP: 38/38 MP: 0/12
  3106 | D:3      | Killed an eye of draining
  3106 | D:3      | Reached skill level 3 in Shields
  3235 | D:3      | Found a bloodstained altar of Trog.
  3404 | D:3      | Reached skill level 3 in Spellcasting
  3404 | D:3      | Reached XP level 6. HP: 36/45 MP: 5/13
  4232 | D:4      | Found a hide-covered altar of Uskayaw.
  4232 | D:4      | Found an ornate altar of the Wu Jian Council.
  4233 | D:4      | Found a glowing silver altar of Zin.
  4301 | D:4      | Found a shimmering altar of Xom.
  4459 | D:4      | Found Furuv's Weapon Shoppe.
  4543 | D:4      | Found a stormy altar of Qazlal.
  4573 | D:4      | Noticed Edmund
  4573 | D:4      | Noticed Ijyb
  4637 | D:4      | Killed Ijyb
  4657 | D:4      | Killed Edmund
  4657 | D:4      | Reached skill level 4 in Shields
  5034 | D:4      | Found a blossoming altar of Fedhas.
  5253 | D:5      | Entered Level 5 of the Dungeon
  5270 | D:5      | Reached skill level 6 in Conjurations
  5270 | D:5      | Reached XP level 7. HP: 15/50 MP: 15/15
  5517 | D:5      | Learned a level 3 spell: Dazzling Spray
  5522 | D:5      | Learned a level 4 spell: Fulminant Prism
  5758 | D:5      | Reached skill level 1 in Hexes
  6217 | D:5      | Reached skill level 1 in Fighting
  6313 | D:5      | Found a staircase to the Ecumenical Temple.
  6320 | Temple   | Entered the Ecumenical Temple
  6363 | D:5      | Found a sparkling altar of Nemelex Xobeh.
  6450 | D:5      | Found a glowing golden altar of the Shining One.
  6673 | D:5      | Reached skill level 2 in Hexes
  8100 | D:6      | Found a shadowy altar of Dithmenos.
  8105 | D:6      | Reached skill level 4 in Spellcasting
  8112 | D:6      | Found a sparkling altar of Nemelex Xobeh.
  8198 | D:6      | Reached XP level 8. HP: 58/61 MP: 17/17
  8361 | D:6      | HP: 2/61 [orc priest/divine providence (15)]
  8363 | D:6      | Reached skill level 7 in Conjurations
  8363 | D:6      | Reached skill level 3 in Hexes
  8366 | D:6      | Reached skill level 2 in Fighting
  8784 | D:6      | Got a dazzling dagger
  8785 | D:6      | Identified the +7 dagger "Xora" {pierce, *Rage rC+ Dex+3}
                  | (You found it on level 6 of the Dungeon)
  8896 | D:6      | Found a sacrificial altar of Ru.
  8902 | D:6      | Learned a level 4 spell: Summon Lightning Spire
  9155 | D:7      | Noticed a hippogriff
  9168 | D:7      | Killed a hippogriff
  9298 | D:7      | Found Eckez's Jewellery Shoppe.
  9325 | D:7      | Reached skill level 1 in Summonings
  9360 | D:7      | Reached skill level 1 in Air Magic
  9408 | D:7      | Reached skill level 4 in Hexes
 10009 | D:7      | Reached XP level 9. HP: 44/68 MP: 3/19
 10016 | D:7      | Reached skill level 3 in Fighting
 10626 | D:8      | Reached skill level 2 in Summonings
 10627 | D:8      | Found a hazy altar of Hepliaklqana.
 10693 | D:8      | Reached skill level 8 in Conjurations
 10705 | D:8      | Reached skill level 2 in Air Magic
 10710 | D:8      | Reached skill level 5 in Hexes
 10712 | D:8      | Noticed Grum
 10725 | D:8      | Killed Grum
 10922 | D:8      | Found a flagged portal.
 10959 | Bailey   | Entered a bailey
 10983 | Bailey   | Reached skill level 5 in Spellcasting
 11686 | Bailey   | HP: 1/71 [orc warrior/+0 halberd (18)]
 12250 | Bailey   | Reached skill level 3 in Summonings
 12342 | Bailey   | Reached skill level 4 in Fighting
 12451 | Bailey   | Reached skill level 3 in Air Magic
 12469 | Bailey   | Reached XP level 10. HP: 70/78 MP: 21/21
 12478 | Bailey   | Reached skill level 6 in Hexes
 12871 | D:8      | Found a staircase to the Lair.
 12871 | D:8      | Noticed a death yak
 12939 | D:7      | Slain by a death yak

Levels and vault maps discovered:
D:1:      dpeg_cavernosity, layout_basic
D:2:      layout_loops_cross, minmay_diced_spiral
D:3:      layout_loops_ring, trog_eyes_of_draining, first_ration
D:4:      layout_loops_corners, nicolae_qazlal_eye_of_the_storm,
          fedhas_altar_fruit_tree, nicolae_overflow_quartered_altars,
          serial_shops, nicolae_shop_statue_plus, uniq_edmund, uniq_ijyb
D:5:      kennysheep_kobold_camp, layout_basic, kennysheep_mini,
          nemelex_altar_shiori, temple_statues
D:6:      layout_gridville, nicolae_dithmenos_through_a_glass_darkly,
          old_standard_altar, basic_altar, gup_sewer_entry_pipe
D:7:      corexii_shantytown, layout_basic, serial_shops, shop
D:8:      layout_loops_cross, marbit_many_paths, vehumet_crystals,
          david_lair_generic, enter_bailey_7, uniq_grum
Temple:   nicolae_temple_figure_zero

Skill      XL: |  1  2  3  4  5  6  7  8  9 10 |
---------------+-------------------------------+-----
Spellcasting   | 2 3 4 5 |  5.3
Conjurations   | 4 5 6 7 8 |  8.8
Shields        | 1 2 3 4 |  4.0
Hexes          | 2 4 5 6 |  6.0
Fighting       | 1 2 4 |  4.1
Summonings     | 1 3 |  3.1
Air Magic      | 1 3 |  3.1
Dodging        | |  1.7
Stealth        | |  1.7

Action                   |  1- 3 |  4- 6 |  7- 9 | 10-12 || total
-------------------------+-------+-------+-------+-------++-------
Melee: Dagger            |    36 |   256 |   153 |    14 ||   459
       Unarmed           |     7 |       |       |       ||     7
       Trident           |       |    15 |       |       ||    15
       Long sword        |       |       |   159 |       ||   159
 Cast: Magic Dart        |    99 |   139 |   374 |    19 ||   631
       Searing Ray       |       |     5 |    15 |       ||    20
       Dazzling Spray    |       |       |    53 |    13 ||    66
       Fulminant Prism   |       |       |     3 |       ||     3
  Use: Scroll            |       |     3 |    14 |       ||    17
       Potion            |       |       |     1 |       ||     1
 Stab: Sleeping          |     1 |       |       |       ||     1
       Confused          |       |     4 |       |       ||     4
       Invisible         |       |       |     8 |       ||     8
  Eat: Chunk             |     2 |     9 |    15 |     1 ||    27
       Ration            |     1 |       |     3 |     1 ||     5
Armor: Robe              |     9 |       |       |       ||     9
       Ring mail         |     1 |    41 |   140 |    12 ||   194
Dodge: Dodged            |    25 |    58 |   193 |     8 ||   284
Block: Buckler           |     7 |    59 |   152 |    11 ||   229
       Rpst.: Long sword |       |       |    26 |       ||    26

Table legend:
 A = Non-vault XP
 B = Vault XP
 C = Vault XP percentage of total XP
 D = Non-vault monster count
 E = Vault monster count
 F = Vault count percentage of total count
                 A         B        C        D         E       F
            +---------+---------+-------+---------+---------+-------
      Total |    3050 |    3902 |  56.1 |     160 |     126 |  44.1
            +---------+---------+-------+---------+---------+-------
        D:1 |      45 |       7 |  13.5 |      28 |       4 |  12.5
        D:2 |      64 |       4 |   5.9 |      15 |       1 |   6.2
        D:3 |     163 |     254 |  60.9 |      30 |       4 |  11.8
        D:4 |     155 |     274 |  63.9 |      15 |       3 |  16.7
        D:5 |     423 |      30 |   6.6 |      15 |      20 |  57.1
        D:6 |     721 |      22 |   3.0 |      27 |       8 |  22.9
        D:7 |    1219 |      89 |   6.8 |      20 |      37 |  64.9
        D:8 |     260 |     939 |  78.3 |      10 |      10 |  50.0
     Bailey |       0 |    2283 | 100.0 |       0 |      39 | 100.0
            +---------+---------+-------+---------+---------+-------
